cohdb
Replays
Latest Replays
All Replays
Popular Replays
Top Player Replays
Match Explorer
How It Works
Community
CoH3 Stats
Reddit
Sign in to upload your games and track your stats! →
Sign in with Steam
Match 44271989
Unlisted
Match 44271989
Overview
Messages
Build Orders
End
Engineer Squad
Construct Weapon Support Center
M1919 Machine Gun Team
M1919 Machine Gun Team
M1919 Machine Gun Team
Bazooka Squad
Infantry Support Center
Selects Heavy Weapons
Selects Assault Carriers
M3 Assault Carrier
Construct Barracks
M3 Assault Carrier
Riflemen Squad
Riflemen Squad
M1918 Browning Automatic Rifles
Advanced Logistics
Riflemen Squad
Selects Exchangeable Parts
M3 Assault Carrier
Grenade Package
Survival Training
Onoyk
차니
atomchef19
Enoche
0
0
Comments
sign in to comment!
No comments posted yet!